 Dungeon Crawl Stone Soup version 0.22.0-49-gab54619674 (webtiles) character file.

44 JedernureinKreuz the Magician (level 3, -2/25 HPs)
             Began as a Gnoll Wizard on Sept 8, 2018.
             Slain by a human (4 damage)
             ... on level 2 of the Dungeon.
             The game lasted 00:07:02 (1355 turns).

JedernureinKreuz the Magician (Gnoll Wizard)        Turns: 1355, Time: 00:07:02

Health: -2/25      AC:  3    Str:  9    XL:     3   Next: 60%
Magic:  4/11       EV: 14    Int: 21    God:
Gold:   113        SH:  0    Dex: 13    Spells: 15/16 levels left

rFire    . . .     SeeInvis .   a - +0 dagger
rCold    . . .     Gourm    .   (no shield)
rNeg     . . .     Faith    .   l - +0 leather armour
rPois    .         Spirit   .   e - +0 hat
rElec    .         Reflect  .   (no cloak)
rCorr    .         Harm     .   (no gloves)
MR       .....                  (no boots)
Stlth    ++........             (no amulet)
HPRegen  0.08/turn              h - +1 ring of evasion
MPRegen  0.12/turn              (no ring)

@: no status effects
A: distributed training, fangs 1, strong nose
a: no special abilities


You were on level 2 of the Dungeon.
You were not hungry.

You visited 1 branch of the dungeon, and saw 2 of its levels.

You collected 113 gold pieces.

Inventory:

Hand Weapons
 a - a +0 dagger (weapon)
 b - a +0 hunting sling
 v - a +3 spear
Missiles
 c - 54 stones (quivered)
 r - 18 bolts
 s - 27 sling bullets
Armour
 e - a +0 hat (worn)
 j - a +0 robe
 l - a +0 leather armour (worn)
Jewellery
 h - a +1 ring of evasion (left hand)
Scrolls
 g - 4 scrolls of identify {unknown}
 i - a scroll of enchant weapon {unknown}
 k - 4 scrolls of remove curse {unknown}
 q - 3 scrolls of fear {unknown}
Potions
 f - a potion of brilliance {unknown}
 m - a potion of lignification {unknown}
 n - 2 potions of agility {unknown}
 o - a potion of invisibility {unknown}
 p - a potion of berserk rage {unknown}
 t - a potion of resistance {unknown}
 u - a potion of magic {unknown}
Comestibles
 d - 7 rations


   Skills:
 + Level 0.8 Fighting
 + Level 0.8 Short Blades
 + Level 0.8 Long Blades
 + Level 0.8 Axes
 + Level 0.8 Maces & Flails
 + Level 0.8 Polearms
 + Level 0.8 Staves
 + Level 0.8 Slings
 + Level 0.8 Bows
 + Level 0.8 Crossbows
 + Level 0.8 Throwing
 + Level 0.8 Armour
 + Level 4.5 Dodging
 + Level 4.1 Stealth
 + Level 0.8 Shields
 + Level 0.8 Unarmed Combat
 + Level 7.1 Spellcasting
 + Level 2.1 Conjurations
 + Level 0.5 Hexes
 + Level 0.5 Charms
 + Level 2.1 Summonings
 + Level 0.5 Necromancy
 + Level 2.1 Translocations
 + Level 0.5 Transmutations
 + Level 0.5 Fire Magic
 + Level 0.5 Ice Magic
 + Level 0.5 Air Magic
 + Level 0.5 Earth Magic
 + Level 0.5 Poison Magic
 + Level 1.0 Invocations
 + Level 0.8 Evocations


You had 15 spell levels left.
You knew the following spells:

 Your Spells              Type           Power        Failure   Level  Hunger
a - Magic Dart            Conj           ###.         4%          1    None

Your spell library contained the following spells:

 Spells                   Type           Power        Failure   Level  Hunger
 Blink                    Tloc           N/A          8%          2    None
 Call Imp                 Summ           ###.....     8%          2    None
 Slow                     Hex            #.......     14%         2    None
 Conjure Flame            Conj/Fire      ##......     21%         3    None
 Mephitic Cloud           Conj/Pois/Air  ##......     22%         3    None


Dungeon Overview and Level Annotations

Branches:
Dungeon (2/15)

Altars:
Gozag
Yredelemnul


Innate Abilities, Weirdness & Mutations

Your experience applies equally to all skills.
You have very sharp teeth.
Your uncanny sense of smell can sniff out nearby items.


Message History

The magic dart hits the human.
The human is heavily wounded.
The human misses you.
Casting: Magic Dart (safe; 4% risk of failure)
Confirm with . or Enter, or press ? or * to list all spells.
Aiming: Magic Dart (safe; 4% risk of failure)
Press: ? - help, Shift-Dir - straight line, f/p - human
Aim: a human (heavily wounded)
The magic dart hits the human.
The human is severely wounded.
The human barely misses you.
Casting: Magic Dart (safe; 4% risk of failure)
Confirm with . or Enter, or press ? or * to list all spells.
Aiming: Magic Dart (safe; 4% risk of failure)
Press: ? - help, Shift-Dir - straight line, f/p - human
Aim: a human (heavily wounded)
The magic dart hits the human.
The human is severely wounded.
The human hits you.
You die...

#.. #+# #.# ### #.<...
#.# #.#
#.....####.######
###.# #...............
..#.# #.....###...#.#
#.#.# #.....##......#
# #.#.#
<...#.###...#.#
#.##.#.# #8......##.#
#......# #...@...##.#
####.###
#####.p....##.# #.#
#...#.###..##.######.#
#._.#.'.#..##........#
#...#.###...##########
#####.......#
#........#
#8.......######
###.###........


You could see a human.

Vanquished Creatures
  An adder (D:2)
  A worm (D:2)
  A dart slug (D:1)
  A ball python (D:2)
  3 bats
  A giant cockroach (D:1)
  3 goblins (D:1)
  5 hobgoblins
  3 kobolds (D:1)
  2 quokkas (D:2)
  A frilled lizard (D:1)
  A kobold skeleton (D:2)
  4 rats
27 creatures vanquished.

Notes
Turn   | Place    | Note
-------+----------+-------------------------------------------
     0 | D:1      | JedernureinKreuz the Gnoll Wizard began the quest for the
                  | Orb.
     0 | D:1      | Reached XP level 1. HP: 13/13 MP: 8/8
   202 | D:1      | Reached XP level 2. HP: 19/19 MP: 10/10
   834 | D:2      | Reached XP level 3. HP: 25/25 MP: 11/11
  1022 | D:2      | Found an opulent altar of Gozag.
  1038 | D:2      | Reached skill level 1 in Invocations
  1293 | D:2      | Found a runed door.
  1293 | D:2      | Noticed a human
  1299 | D:2      | Found a basalt altar of Yredelemnul.
  1349 | D:2      | HP: 1/25 [human (9)]
  1355 | D:2      | Slain by a human

Skill      XL: |  1  2  3 |
---------------+----------+-----
Conjurations   | 2 |  2.1
Summonings     | 2 |  2.1
Translocations | 2 |  2.1
Invocations    | 1 |  1.0
Fighting       | |  0.8
Short Blades   | |  0.8
Long Blades    | |  0.8
Axes           | |  0.8
Maces & Flails | |  0.8
Polearms       | |  0.8
Staves         | |  0.8
Slings         | |  0.8
Bows           | |  0.8
Crossbows      | |  0.8
Throwing       | |  0.8
Armour         | |  0.8
Dodging        | |  4.5
Stealth        | |  4.1
Shields        | |  0.8
Unarmed Combat | |  0.8
Spellcasting   | |  7.1
Hexes          | |  0.5
Charms         | |  0.5
Necromancy     | |  0.5
Transmutations | |  0.5
Fire Magic     | |  0.5
Ice Magic      | |  0.5
Air Magic      | |  0.5
Earth Magic    | |  0.5
Poison Magic   | |  0.5
Evocations     | |  0.8

Action                   || total
-------------------------++-------
Melee: Dagger            ||     3
 Fire: Hunting sling     ||    37
Throw: Stone             ||     3
 Cast: Magic Dart        ||    36
  Eat: Chunk             ||     1
Armor: Leather armour    ||     5
Dodge: Dodged            ||    17
